 Seeded DCSS version 0.27-a0-1317-gd1140b3 (webtiles) character file.

Game seed: 2478920174494696364 (custom seed)

26 YoyoCobra the Sneak (level 2, -2/25 HPs)
             Began as a Draconian Wanderer on June 20, 2021.
             Slain by Natasha (3 damage)
             ... on level 3 of the Dungeon.
             The game lasted 00:07:13 (1831 turns).

YoyoCobra the Sneak (Draconian Wanderer)            Turns: 1831, Time: 00:07:13

Health: -2/25      AC:  6    Str: 17    XL:     2   Next: 89%
Magic:  2/3        EV: 11    Int: 11    God:
Gold:   12         SH:  0    Dex:  8    Spells: 2/3 levels left

rFire    . . .     SeeInvis .   a - +0 club
rCold    . . .     Faith    .   (no shield)
rNeg     . . .     Spirit   .   (armour unavailable)
rPois    .         Reflect  .   (helmet restricted)
rElec    .         Harm     .   e - +0 cloak
rCorr    .         Rampage  .   (no gloves)
Will     .....                  c - +0 pair of boots
Stlth    ++........             (no amulet)
HPRegen  0.08/turn              (no ring)
MPRegen  0.08/turn              (no ring)

@: slowed, very slow
A: AC +4, unfitting armour, cold-blooded
a: no special abilities


You were on level 3 of the Dungeon.
You visited 1 branch of the dungeon, and saw 3 of its levels.

You collected 12 gold pieces.

Inventory:

Hand Weapons
 a - a +0 club (weapon)
 b - a +0 dagger
Armour
 c - a +0 pair of boots (worn)
 d - a +0 leather armour
 e - a +0 cloak (worn)
Scrolls
 f - 2 scrolls of identify


   Skills:
 + Level 2.6 Fighting
 + Level 0.3 Maces & Flails
 + Level 1.1 Throwing
 + Level 0.2 Dodging
 + Level 3.2 Stealth
 + Level 1.2 Shields
 + Level 1.1 Spellcasting
 + Level 1.1 Conjurations
 + Level 1.0 Transmutations


You had 2 spell levels left.
You knew the following spells:

 Your Spells              Type           Power      Damage    Failure   Level
a - Magic Dart            Conj           12%        1d3       21%         1

Your spell library contained the following spells:

 Spells                   Type           Power      Damage    Failure   Level
 Foxfire                  Conj/Fire      4%         2x1d4     26%         1
 Apportation              Tloc           0%         N/A       32%         1
 Blink                    Tloc           N/A        N/A       43%         2
 Call Imp                 Summ           0%         N/A       43%         2
 Slow                     Hex            0%         N/A       43%         2
 Conjure Flame            Conj/Fire      1%         6-21      58%         3
 Stone Arrow              Conj/Erth      2%         3d7       58%         3
 Mephitic Cloud           Conj/Pois/Air  1%         N/A       63%         3
 Teleport Other           Tloc           0%         N/A       67%         3


Dungeon Overview and Level Annotations

Branches:
Dungeon (3/15)

Altars:

Annotations:
D:3 Natasha


Innate Abilities, Weirdness & Mutations

Your plain brown scales are hard. (AC +4)
You cannot fit into any form of body armour.
You are cold-blooded and may be slowed by cold attacks.


Message History

The crimson imp hits you but does no damage.
Natasha howls an incantation.
Natasha shimmers violently.
Natasha claws you. The shadow imp closely misses you.
The crimson imp blinks!
The shadow imp hits you.
* * * LOW HITPOINT WARNING * * *
Natasha claws you but does no damage.
The shadow imp hits you but does no damage.
There is an open door here.
Natasha stares at you and mumbles some strange words.
You feel yourself slow down.
Found 12 gold pieces and a pair of gloves.
Natasha claws you but does no damage.
The crimson imp blinks!
Natasha completely misses you.
The crimson imp disappears in a puff of smoke!
Natasha stares at you and mumbles some strange words.
You feel as though you will be slow longer.
Natasha barely misses you. The shadow imp hits you.
* * * LOW HITPOINT WARNING * * *
Natasha claws you but does no damage. The shadow imp gestures at you.
Pain shoots through your body!
* * * LOW HITPOINT WARNING * * *
The shadow imp picks up a beetle and eats it.
Natasha closely misses you.
Natasha stares at you and mumbles some strange words.
You feel as though you will be slow longer.
The shadow imp disappears in a puff of smoke!
There is a stone staircase leading down here.
You can't go up here!
Natasha mumbles some strange words.
Natasha claws you.
* * * LOW HITPOINT WARNING * * *
You climb downwards.
The crimson imp disappears in a puff of smoke!
There is a stone staircase leading up here.
Natasha claws you.
You die...

. ....#####
.......@#
..#.#..h.......
#.######### #.
. ##


You could see Natasha.

Vanquished Creatures
  2 worms (D:2)
  A dart slug (D:2)
  3 giant cockroaches (D:1)
  2 hobgoblins
  3 kobolds (D:1)
  3 quokkas
  A bat (D:2)
  2 rats (D:1)
17 creatures vanquished.

Notes
Turn   | Place    | Note
-------+----------+-------------------------------------------
     0 | D:1      | YoyoCobra the Draconian Wanderer began the quest for the
                  | Orb.
     0 | D:1      | YoyoCobra set off with the following items: a +0 club, a +0
                  | dagger; and the following spells available to memorise:
                  | Magic Dart, Foxfire, Apportation, Blink, Call Imp, Slow,
                  | Conjure Flame, Stone Arrow, Mephitic Cloud, Teleport Other
     0 | D:1      | Reached XP level 1. HP: 17/17 MP: 2/2
     2 | D:1      | Learned a level 1 spell: Magic Dart
   375 | D:1      | Reached skill level 3 in Stealth
   501 | D:1      | Reached XP level 2. HP: 25/25 MP: 0/3
   814 | D:1      | Found a faded altar of an unknown god.
  1803 | D:2      | Noticed Natasha
  1810 | D:2      | Noticed a crimson imp
  1829 | D:2      | HP: 1/25 [Natasha (2)]
  1830 | D:2      | Noticed a crimson imp
  1831 | D:3      | Slain by Natasha

Illustrated notes

Levels and vault maps discovered:
D:1:      lightli_arrival_chessboard, layout_rooms, serial_rivers,
          chequers_serial_rivers_micro_b, chequers_serial_rivers_micro_d,
          chequers_serial_rivers_room_b, chequers_serial_rivers_micro_c,
          hellmonk_ecumenical_altar_inner_sanctum, roderic_serpentine_path
D:2:      layout_basic, uniq_terence, uniq_natasha
D:3:      layout_basic, gammafunk_temple_overflow_statue

Skill      XL: |  1 |
---------------+----+-----
Stealth        | 3 |  3.2
Fighting       | |  2.6
Maces & Flails | |  0.3
Throwing       | |  1.1
Dodging        | |  0.2
Shields        | |  1.2
Spellcasting   | |  1.1
Conjurations   | |  1.1
Transmutations | |  1.0

Action                   || total
-------------------------++-------
Melee: Club              ||    76
       Tailslap          ||    14
 Cast: Magic Dart        ||    34
  Use: Potion            ||     2
       Scroll            ||     1
Armor: Skin              ||    25
Dodge: Dodged            ||    51

Table legend: (Time is in decaauts)
 A = Elapsed time spent in this place.
 B = Non-inter-level travel time spent in this place.
 C = Inter-level travel time spent in this place.
 D = Time resting spent in this place.
 E = Time spent auto-exploring this place.
 F = Levels seen in this place.
 G = Mean time per level.
                   A        B        C        D        E       F      G
               +--------+--------+--------+--------+--------+-----+--------+
         Total |   1862 |   1862 |      0 |    266 |   1230 |   3 |  620.7 |
       Dungeon |   1862 |   1862 |      0 |    266 |   1230 |   3 |  620.7 |
               +--------+--------+--------+--------+--------+-----+--------+

Top non-repeatable levels by time:
     D:1: 1245 daAuts
     D:2: 616 daAuts
     D:3: 1 daAuts
